 Dungeon Crawl Stone Soup version 0.29-a0-901-g46a8461d6a (webtiles) character file.

Game seed: 4972020573452139534

5092 leavemydog the Severer (level 10, 0/86 HPs)
             Began as a Hill Orc Fighter on July 23, 2022.
             Was an Initiate of Beogh.
             Killed from afar by a wizard (29 damage)
             ... with a fireball
             ... on level 8 of the Dungeon.
             The game lasted 00:13:36 (8700 turns).

leavemydog the Severer (Hill Orc Fighter)           Turns: 8700, Time: 00:13:36

Health: 0/86       AC: 17    Str: 22    XL:     10   Next: 57%
Magic:  9/9        EV:  7    Int:  8    God:    Beogh [......]
Gold:   461        SH:  5    Dex: 10    Spells: 9/9 levels left

rFire   . . .      SeeInvis .   E - +2 war axe
rCold   + . .      Faith    .   c - +0 buckler
rNeg    . . .      Spirit   .   C - +1 chain mail of the Present {Rampage Str-2 Slay+2 Stlth+}
rPois   .          Reflect  .   i - +2 hat
rElec   .          Harm     .   (no cloak)
rCorr   .          Rampage  +   B - +0 pair of gloves
Will    .....                   o - +1 pair of boots
Stlth   ..........              x - amulet of the acrobat
HPRegen 0.24/turn               n - ring of protection from cold
MPRegen 0.11/turn               (no ring)

@: no status effects
A: low MP 1, mutation resistance 1
a: Renounce Religion


You were on level 8 of the Dungeon.
You worshipped Beogh.
Beogh was noncommittal.
You visited 2 branches of the dungeon, and saw 9 of its levels.
You also visited: Ossuary.

You collected 461 gold pieces.

Inventory:

Hand Weapons
 a - a +0 war axe
 E - a +2 war axe (weapon)
Armour
 c - a +0 buckler (worn)
 g - a +0 helmet
 i - a +2 hat (worn)
 o - a +1 pair of boots (worn)
 B - a +0 pair of gloves (worn)
 C - the +1 chain mail of the Present (worn) {Rampage Str-2 Slay+2 Stlth+}
   (You found it on level 4 of the Dungeon)

   Str:       It affects your strength (-2).
   Slay:      It affects your accuracy & damage with ranged weapons and melee
   (+2).
   Rampage:   It bestows one free step when moving towards enemies.
   Stlth:     It makes you more stealthy.
 I - a +2 cloak of preservation
Jewellery
 n - a ring of protection from cold (left hand)
 q - a ring of willpower
 u - a ring of ice
 x - an amulet of the acrobat (around neck)
Wands
 r - a wand of roots (9)
 y - a wand of flame (36)
 D - a wand of paralysis (11)
Scrolls
 d - a scroll of silence {unknown}
 h - 3 scrolls of teleportation
 j - 3 scrolls of identify
 k - 2 scrolls of enchant armour
 l - a scroll of immolation {unknown}
 m - a scroll of vulnerability {unknown}
 s - 3 scrolls of poison {unknown}
 t - 3 scrolls of fear {unknown}
 w - 2 scrolls of fog {unknown}
 G - 2 scrolls of noise {unknown}
 H - a scroll of blinking {unknown}
Potions
 b - 3 potions of resistance {unknown}
 e - 2 potions of flight {unknown}
 f - 5 potions of lignification
 p - 2 potions of heal wounds {unknown}
 v - 3 potions of haste {unknown}
 z - a potion of curing {unknown}
 A - a potion of invisibility {unknown}
 F - 2 potions of magic {unknown}


   Skills:
 + Level 7.6 Fighting
 * Level 16.1 Axes
 + Level 7.0 Armour
 + Level 5.2 Shields


You had 9 spell levels left.
You didn't know any spells.
Your spell library contained the following spells:

 Spells                   Type           Power      Damage    Failure   Level
 Foxfire                  Conj/Fire      0%         2x1d4     99%         1
 Magic Dart               Conj           0%         1d3       99%         1
 Sandblast                Erth           0%         2d4       99%         1
 Shock                    Conj/Air       0%         1d3       99%         1
 Summon Small Mammal      Summ           0%         N/A       99%         1
 Passwall                 Tmut/Erth      0%         N/A       99%         2
 Searing Ray              Conj           0%         2d4       99%         2
 Static Discharge         Conj/Air       0%         3-3/arc   99%         2
 Call Canine Familiar     Summ           0%         N/A       100%        3
 Conjure Flame            Conj/Fire      0%         6-21      100%        3
 Inner Flame              Hex/Fire       0%         N/A       100%        3
 Stone Arrow              Conj/Erth      0%         3d7       100%        3
 Summon Guardian Golem    Hex/Summ       0%         N/A       100%        3
 Swiftness                Air            0%         N/A       100%        3
 Airstrike                Air            0%         0-1+      100%        4
 Flame Wave               Conj/Fire      0%         2d4       100%        4
 Fulminant Prism          Conj/Hex       0%         3d6       100%        4
 Lightning Bolt           Conj/Air       0%         1d11      100%        5
 Maxwell's Capacitive Co  Air            0%         ∞         100%        8


Dungeon Overview and Level Annotations

Branches:
Dungeon (8/15)             Temple (1/1) D:4         Ossuary (visited)
   Lair: D:8-11

Altars:
Ashenzari
Cheibriados
Dithmenos
Elyvilon
Fedhas
Gozag
Hepliaklqana
Kikubaaqudgha
Makhleb
Nemelex Xobeh
Okawaru
Qazlal
Ru
Sif Muna
Uskayaw
Vehumet
Wu Jian
Xom
Yredelemnul
Zin
The Shining One

Shops:
D:1 ?   D:6 *

Annotations:
D:4 exclusion: statue
D:5 3 runed translucent doors, Protee's ghost, novice VSNe
D:7 Pikel


Innate Abilities, Weirdness & Mutations

Your magical capacity is low. (-10% MP)
You are somewhat resistant to further mutation.


Message History

The smoke demon disappears in a puff of smoke!
You barely miss the bullfrog. The bullfrog barely misses you.
Your Axes skill increases to level 16!
Your Armour skill increases to level 7!
You barely miss the bullfrog.
The bullfrog is almost dead.
The bullfrog closely misses you.
You hit the bullfrog.
You kill the bullfrog!
Beogh accepts your kill.
The wizard casts a spell.
The wizard blinks!
Things that are here:
a +0 dagger; a +2 robe of positive energy; an orc corpse A wizard is nearby!
A wizard is nearby!
Found a quarterstaff.
H - a scroll labelled RIRCHA FUNISHRI You now have 461 gold pieces (gained 18).
Found a runed cloak.
The wizard casts a spell at you.
The fireball explodes!
The fireball engulfs you!!
You are engulfed in a cloud of scalding steam.
The wizard gestures wildly while chanting.
The wizard blinks!
The wizard casts a spell.
The wizard blinks!
No reachable target in view!
The wizard mumbles some strange words.
The wizard flickers and vanishes!
Deactivating autopickup; reactivate with Ctrl-A.
A fireball appears from out of thin air!
The fireball explodes!
The fireball engulfs you!!
You see here a +2 cloak of preservation.
I - a +2 cloak of preservation You start putting on your armour.
You continue putting on your +2 cloak of preservation. x4
You hear some strange, mumbled words.
A fireball appears from out of thin air!
The fireball explodes!
The fireball engulfs you!!
You die...

.......##..))# #.
≈≈≈≈≈≈..#....#### #..
##.##≈≈.#......<#
#..≈##...##≈.#....####
#..≈#.)...#≈.†....#
#..........≈..)...# #
#.....#≈..#####
#.≈##...##≈..#
#.≈≈##@##§§..#
#..≈≈≈.≈≈≈...#
##......{....#
#####......## ########


There were no monsters in sight!

Vanquished Creatures
  An orc sorcerer (D:8)
  Joseph (D:7)
  A hornet (D:8)
  Prince Ribbit (D:5)
  Grinder (D:6)
  2 wyverns (D:8)
  Edmund (D:4)
  3 water moccasins
  2 orc warriors
  An ice beast (D:6)
  A sky beast (D:6)
  A black bear (D:5)
  An ogre (D:5)
  2 centaurs (D:8)
  A phantom (D:7)
  2 elf zombies (Ossuary)
  A scorpion (D:5)
  6 bullfrogs
  A gnoll sergeant (D:7)
  5 necrophages
  5 wights (D:8)
  5 killer bees (D:8)
  2 hounds (D:6)
  2 centaur zombies (Ossuary)
  A gnoll bouda (D:4)
  2 human zombies
  Terence (D:3)
  4 iguanas
  3 orc wizards
  A scorpion zombie (D:5)
  A killer bee zombie (D:5)
  2 hound zombies (D:5)
  5 mummies
  4 adders
  16 gnolls
  2 ufetubi
  An adder zombie (Ossuary)
  2 worms
  2 dart slugs
  26 orcs
  10 endoplasms
  5 giant cockroaches
  6 goblins
  4 hobgoblins
  13 jackals
  3 quokkas
  5 ball pythons
  4 bats
  A frilled lizard (D:1)
  A goblin zombie (Ossuary)
  6 hobgoblin zombies (Ossuary)
  3 jackal zombies (Ossuary)
  6 kobolds
  12 kobold zombies (Ossuary)
  9 orc zombies (Ossuary)
  5 rats
215 creatures vanquished.

Vanquished Creatures (others)
  A bullfrog (D:8)
1 creature vanquished.

Grand Total: 216 creatures vanquished

Notes
Turn   | Place    | Note
-------+----------+-------------------------------------------
     0 | D:1      | leavemydog the Hill Orc Fighter began the quest for the
                  | Orb.
     0 | D:1      | Reached XP level 1. HP: 19/19 MP: 1/1
    42 | D:1      | Found Jatza's Magic Scroll Shoppe.
   257 | D:1      | Reached skill level 3 in Axes
   257 | D:1      | Reached XP level 2. HP: 27/27 MP: 2/2
   372 | D:1      | Found a faded altar of an unknown god.
  1159 | D:2      | Reached XP level 3. HP: 28/33 MP: 3/3
  1277 | D:2      | Reached skill level 4 in Axes
  1557 | D:3      | Noticed Terence
  1568 | D:3      | Killed Terence
  1569 | D:3      | Reached XP level 4. HP: 9/40 MP: 4/4
  1963 | D:3      | Noticed a bullfrog
  1990 | D:2      | Reached skill level 5 in Axes
  2129 | D:3      | Reached XP level 5. HP: 16/46 MP: 5/5
  2370 | D:3      | Paralysed by a gnoll for 3 turns
  2413 | D:2      | Reached skill level 6 in Axes
  2915 | D:3      | Reached XP level 6. HP: 53/53 MP: 6/6
  2944 | D:3      | Paralysed by a gnoll for 5 turns
  2953 | D:3      | Paralysed by a gnoll for 3 turns
  3583 | D:4      | Reached skill level 7 in Axes
  3713 | D:4      | Found a staircase to the Ecumenical Temple.
  3733 | Temple   | Entered the Ecumenical Temple
  3733 | Temple   | Found a transporter.
  3733 | Temple   | Found a transporter.
  3735 | Temple   | Found a transporter.
  3735 | Temple   | Found a transporter.
  3807 | D:4      | Identified the +1 chain mail of the Present {Rampage Str-2
                  | Slay+2 Stlth+}
  3857 | D:4      | Noticed Edmund
  3870 | D:4      | Killed Edmund
  3871 | D:4      | Reached XP level 7. HP: 32/60 MP: 7/7
  4222 | D:4      | Found a radiant altar of Vehumet.
  4290 | D:5      | Entered Level 5 of the Dungeon
  4303 | D:4      | Reached skill level 8 in Axes
  4495 | D:5      | Reached skill level 5 in Fighting
  4629 | D:5      | Found a blossoming altar of Fedhas.
  4797 | D:5      | Reached skill level 9 in Axes
  4833 | D:5      | Found a basalt altar of Yredelemnul.
  4902 | D:5      | Reached XP level 8. HP: 56/68 MP: 8/8
  5075 | D:5      | Reached skill level 5 in Armour
  5110 | D:5      | Reached skill level 10 in Axes
  5303 | D:5      | Noticed Protee's ghost (novice VSNe)
  5314 | D:5      | Found a runed translucent gate.
  5314 | D:5      | Found a runed translucent gate.
  5315 | D:5      | Found a runed translucent gate.
  5558 | D:5      | Noticed Prince Ribbit
  5562 | D:5      | Killed Prince Ribbit
  5563 | D:5      | Reached skill level 11 in Axes
  5610 | D:5      | Found a shimmering altar of Xom.
  5636 | D:5      | Found a stormy altar of Qazlal.
  6075 | D:6      | Reached skill level 12 in Axes
  6083 | D:6      | Reached XP level 9. HP: 75/75 MP: 9/9
  6204 | D:6      | Found Fiagufah's Serpentskin Sales.
  6549 | D:6      | Gained mutation: Your mind is acute. (Int +4, Str/Dex -1)
                  | [potion of mutation]
  6549 | D:6      | Gained mutation: You have large cloven feet. [potion of
                  | mutation]
  6549 | D:6      | Gained mutation: You are weak. (Str -2) [potion of
                  | mutation]
  6549 | D:6      | Gained mutation: Your flesh is heat resistant. (rF+)
                  | [potion of mutation]
  6550 | D:6      | Lost mutation: You are weak. (Str -2) [potion of mutation]
  6550 | D:6      | Lost mutation: You have large cloven feet. [potion of
                  | mutation]
  6550 | D:6      | Lost mutation: Your mind is acute. (Int +4, Str/Dex -1)
                  | [potion of mutation]
  6550 | D:6      | Gained mutation: You are agile. (Dex +4, Str/Int -1)
                  | [potion of mutation]
  6550 | D:6      | Lost mutation: Your flesh is heat resistant. (rF+) [potion
                  | of mutation]
  6551 | D:6      | Lost mutation: You are agile. (Dex +4, Str/Int -1) [potion
                  | of mutation]
  6551 | D:6      | Gained mutation: Your mind is acute. (Int +4, Str/Dex -1)
                  | [potion of mutation]
  6551 | D:6      | Gained mutation: You occasionally shout uncontrollably at
                  | your foes. [potion of mutation]
  6551 | D:6      | Gained mutation: You are somewhat resistant to further
                  | mutation. [potion of mutation]
  6561 | D:6      | Found a sacrificial altar of Ru.
  6575 | D:6      | Noticed Grinder
  6588 | D:6      | Killed Grinder
  6589 | D:6      | Reached skill level 13 in Axes
  7058 | D:7      | Noticed Joseph
  7067 | D:7      | Killed Joseph
  7068 | D:7      | Reached skill level 14 in Axes
  7635 | D:7      | Noticed Pikel
  7679 | D:8      | Lost mutation: Your mind is acute. (Int +4, Str/Dex -1)
                  | [potion of mutation]
  7679 | D:8      | Lost mutation: You occasionally shout uncontrollably at
                  | your foes. [potion of mutation]
  7679 | D:8      | Gained mutation: Your magical capacity is low. (-10% MP)
                  | [potion of mutation]
  7728 | D:8      | Reached XP level 10. HP: 81/84 MP: 9/9
  7750 | D:8      | Reached skill level 5 in Shields
  7755 | D:8      | Found a sand-covered staircase.
  7760 | Ossuary  | Entered an ossuary
  7864 | Ossuary  | Reached skill level 15 in Axes
  7994 | D:8      | Found an ornate altar of the Wu Jian Council.
  8259 | D:8      | Became a worshipper of Beogh the Brigand
  8278 | D:8      | Found a hazy altar of Hepliaklqana.
  8312 | D:8      | Found a broken altar of Ashenzari.
  8326 | D:8      | Found a white marble altar of Elyvilon.
  8668 | D:8      | Noticed an orc sorcerer
  8674 | D:8      | Noticed a wizard
  8675 | D:8      | Noticed a smoke demon
  8677 | D:8      | Killed an orc sorcerer
  8678 | D:8      | Reached skill level 16 in Axes
  8700 | D:8      | Killed from afar by a wizard

Illustrated notes

Levels and vault maps discovered:
D:1:      amcnicky_arrival_double_pillar, layout_basic, serial_shops,
          nicolae_shop_statue_plus, shapermc_ecumenical_altar_starsandcircs
D:2:      layout_rooms
D:3:      layout_rooms, uniq_terence
D:4:      layout_basic, vehumet_statue, minmay_temple_entry_hall, uniq_edmund
D:5:      layout_rooms, lemuel_mausoleum_altar_yredelemnul,
          mainiacjoe_overflow_small_starburst, mainiacjoe_overflow_two_lobes,
          gammafunk_ghost_split, skrybe_limestone_x, corexii_corridor_pit,
          uniq_prince_ribbit1
D:6:      layout_basic, mainiacjoe_overflow_chevrons, guppyfry_shop_venom,
          uniq_grinder
D:7:      layout_loops_cross, minmay_diced_spiral, uniq_joseph, uniq_pikel
D:8:      cheibrodos_wizards_tower, layout_basic, amcnicky_altar_gilded,
          nicolae_overflow_hidden_temple, mainiacjoe_overflow_cross_hatched,
          lightli_ossuary_entry_decrepit_ruins
Temple:   hellmonk_temple_divided_pantheon

Skill      XL: |  1  2  3  4  5  6  7  8  9 10 |
---------------+-------------------------------+-----
Axes           | 3 4 5 6 7 9 12 14 16 | 16.1
Fighting       | 4 5 6 7 |  7.6
Armour         | 4 5 6 7 |  7.0
Shields        | 4 5 |  5.2

Action                   |  1- 3 |  4- 6 |  7- 9 | 10-12 || total
-------------------------+-------+-------+-------+-------++-------
Melee: War axe           |    83 |   174 |   316 |    98 ||   671
Invok: Convert to Beogh  |       |       |       |     1 ||     1
  Use: Potion            |       |     1 |     4 |       ||     5
       Scroll            |       |       |     4 |       ||     4
Armor: Scale mail        |    57 |   101 |       |       ||   158
       Chain mail        |       |     2 |   142 |    51 ||   195
Dodge: Dodged            |    31 |   121 |   111 |    40 ||   303
Block: Buckler           |    18 |    41 |    62 |    20 ||   141

Table legend: (Time is in decaauts)
 A = Elapsed time spent in this place.
 B = Non-inter-level travel time spent in this place.
 C = Inter-level travel time spent in this place.
 D = Time resting spent in this place.
 E = Time spent auto-exploring this place.
 F = Levels seen in this place.
 G = Mean time per level.
                   A        B        C        D        E       F      G
               +--------+--------+--------+--------+--------+-----+--------+
         Total |   8749 |   8635 |    114 |   2787 |   4274 |  10 |  874.9 |
       Dungeon |   8489 |   8375 |    114 |   2777 |   4154 |   8 | 1061.1 |
        Temple |     43 |     43 |      0 |      0 |      7 |   1 |   43.0 |
       Ossuary |    216 |    216 |      0 |     10 |    113 |   1 |  216.0 |
               +--------+--------+--------+--------+--------+-----+--------+

Top non-repeatable levels by time:
     D:4: 1347 daAuts
     D:5: 1285 daAuts
     D:3: 1215 daAuts
     D:1: 1119 daAuts
     D:6: 1010 daAuts
     D:2: 946 daAuts
     D:8: 825 daAuts
     D:7: 738 daAuts
 Ossuary: 216 daAuts
  Temple: 43 daAuts
